 Dungeon Crawl Stone Soup version 0.31.0-2-g5a2aebc5c2 (webtiles) character file.

Game seed: 12557621127507388303

34907 ssalbiz the Severer (level 13, -1/126 HPs)
             Began as a Minotaur Berserker on Jan 20, 2024.
             Was an Elder of Trog.
             Slain by an orc wizard
             ... wielding a +0 dagger
             ... led by an orc knight
              (3 damage)
             ... on level 2 of the Orcish Mines.
             The game lasted 00:24:36 (13643 turns).

ssalbiz the Severer (Minotaur Berserker)           Turns: 13643, Time: 00:24:37

Health: -1/126     AC: 14    Str: 27    XL:     13   Next: 44%
Magic:  12/12      EV: 14    Int:  4    God:    Trog [****..]
Gold:   1397       SH:  0    Dex: 10    Spells: 12/12 levels left

rFire   . . .        L - +2 broad axe (heavy)
rCold   . . .        (no shield)
rNeg    . . .        E - +0 acid dragon scales
rPois   +            (helmet restricted)
rElec   .            t - +0 cloak
rCorr   +            F - +0 pair of gloves
SInv    .            u - +0 pair of boots
Will    .....        I - amulet of faith
Stlth   +            n - ring of poison resistance
HPRegen 0.41/turn    (no ring)
MPRegen 0.13/turn

%: faith
@: on berserk cooldown, slowed, very slow
A: horns 2, retaliatory headbutt
a: Renounce Religion, Berserk, Trog's Hand, Brothers in Arms


You were on level 2 of the Orcish Mines.
You worshipped Trog.
Trog was greatly pleased with you.
You visited 2 branches of the dungeon, and saw 15 of its levels.

You collected 1481 gold pieces.
You spent 84 gold pieces at shops.

Inventory:

Hand Weapons
 L - a +2 heavy broad axe (weapon)
Missiles
 d - 19 poisoned darts
 z - 9 javelins (quivered)
 C - 5 curare-tipped darts
 G - 7 throwing nets
Armour
 t - a +0 cloak (worn)
 u - a +0 pair of boots (worn)
 E - +0 acid dragon scales (worn)
 F - a +0 pair of gloves (worn)
Jewellery
 f - a ring of fire
 n - a ring of poison resistance (left hand)
 I - an amulet of faith (around neck)
 K - a ring of positive energy
Wands
 m - a wand of quicksilver (10)
 v - a wand of flame (21)
 y - a wand of paralysis (21)
 B - a wand of polymorph (11)
Scrolls
 a - a scroll of revelation
 c - a scroll of torment
 e - 7 scrolls of teleportation
 h - 2 scrolls of immolation
 j - a scroll of poison {unknown}
 l - 5 scrolls of vulnerability
 o - 4 scrolls of blinking
 s - 2 scrolls of fear
 w - 3 scrolls of fog {unknown}
 A - a scroll of acquirement {unknown}
 H - a scroll of brand weapon {unknown}
Potions
 b - 2 potions of lignification
 k - a potion of heal wounds
 p - a potion of ambrosia
 q - 2 potions of might
 r - 5 potions of curing
 x - a potion of resistance
 D - a potion of enlightenment {unknown}
Miscellaneous
 g - a sack of spiders


   Skills:
 - Level 15.0 Fighting
 + Level 16.4 Axes
 - Level 13.9 Armour
 - Level 8.9 Dodging


You had 12 spell levels left.
You didn't know any spells.
Your spell library was empty.

Dungeon Overview and Level Annotations

Branches:
Dungeon (13/15)            Temple (0/1) D:7            Lair (0/5) D:10
    Orc (2/2) D:11
    Elf: Orc:2       Vaults: D:13-14

Altars:
Ashenzari
Fedhas
Gozag
Hepliaklqana
Ru
Trog
Uskayaw
Yredelemnul
Zin
The Shining One

Shops:
D:4 *   D:11 [   Orc:2 (

Annotations:
D:9 exclusion: orange crystal statue
D:12 exclusions: electric eel and water elemental
D:13 Snorg


Innate Abilities, Weirdness & Mutations

You have a pair of horns on your head.
You reflexively headbutt those who attack you in melee.


Message History

You kill the orc!
Trog accepts your kill.
The orc warrior hits you with a +0 battleaxe.
* * * LOW HITPOINT WARNING * * *
The orc warrior hits you from afar with a +0 trident.
* * * LOW HITPOINT WARNING * * *
Unknown command.
Unknown command.
Unknown command.
Unknown command.
Unknown command.
Unknown command.
Unknown command.
Unknown command.
Unknown command.
Unknown command.
Unknown command.
Unknown command.
You fail to use your ability.
The orc shouts! x2; You hear a shout!
The orc warrior hits you but does no damage.
The orc priest calls down the wrath of Beogh upon you.
Beogh smites you!
* * * LOW HITPOINT WARNING * * *
The orc warrior hits you from afar with a +1 vampiric halberd.
* * * LOW HITPOINT WARNING * * *
The orc warrior hits you with a +0 short sword.
* * * LOW HITPOINT WARNING * * *
The orc warrior barely misses you.
The orc warrior hits you from afar with a +0 trident.
* * * LOW HITPOINT WARNING * * *
The orc warrior barely misses you.
A kobold blastminer comes into view.
You hear some strange, mumbled words.
A magic dart appears from out of thin air!
The magic dart hits you.
* * * LOW HITPOINT WARNING * * *
The orc priest looks braver for a moment.
Something hits you.
You die...

...........#..........#
................#.....O
..................
......[.))....∩...
..#.....<$........
.......)))........
.......o..o.......
........)oo.......
....o..oo@{......#
....o...oo...#..#.
........o$........
#.#.....#....^...
.....#.........#.
........#.$....#
................
.....K. .......


You could see a kobold blastminer (wandering), 5 orc warriors, 2 orc priests and
4 orcs.

Vanquished Creatures
  A boulder beetle (D:11)
  4 two-headed ogres
  4 skeletal warriors (D:12)
  Lodul (D:10)
  An orc knight (Orc:2)
  A deep elf pyromancer (D:12)
  3 ugly things
  3 cyclopes (D:12)
  Maurice (D:12)
  A komodo dragon (D:10)
  An unseen horror (D:9)
  Maggie (D:6)
  Psyche (D:9)
  2 trolls
  2 hornets
  A shadow (D:10)
  A vampire (D:11)
  Sigmund (D:6)
  A basilisk (D:12)
  A water elemental (D:12)
  16 yaks
  2 steam dragons
  2 wargs (Orc:1)
  3 vampire mosquitoes (D:9)
  An acid dragon (D:9)
  Duvessa (D:5)
  A water moccasin (D:6)
  7 orc warriors
  2 black bears (D:7)
  An ice beast (D:8)
  10 ogres
  3 centaurs
  A phantom (D:5)
  2 kobold brigands
  3 gnoll sergeants
  A bullfrog (D:7)
  4 scorpions
  21 wights
  Dowan (D:5)
  10 killer bees
  8 howler monkeys
  4 bombardier beetles
  3 hounds
  3 gnoll boudas
  6 orc priests
  A sleepcap (D:7)
  4 iguanas
  10 orc wizards
  31 gnolls
  6 adders
  A white imp (D:6)
  3 dart slugs
  30 orcs
  5 bats
  3 endoplasms
  2 giant cockroaches
  8 hobgoblins
  A jackal (D:6)
  9 kobolds
  4 quokkas
  2 ball pythons
  4 frilled lizards (D:1)
  5 goblins
  6 rats
283 creatures vanquished.

Vanquished Creatures (collateral kills)
  An orc warrior (Orc:2)
1 creature vanquished.

Vanquished Creatures (others)
  An orc wizard (D:12)
1 creature vanquished.

Grand Total: 285 creatures vanquished

Notes
Turn   | Place    | Note
-------+----------+-------------------------------------------
     0 | D:1      | ssalbiz the Minotaur Berserker began the quest for the Orb.
     0 | D:1      | Reached XP level 1. HP: 19/19 MP: 0/0
   285 | D:1      | Reached skill level 4 in Axes
   321 | D:1      | Reached XP level 2. HP: 26/26 MP: 1/1
   755 | D:2      | Reached skill level 5 in Axes
   760 | D:2      | Reached ** piety under Trog
   761 | D:2      | Reached XP level 3. HP: 28/31 MP: 2/2
  1051 | D:2      | Reached skill level 6 in Axes
  1051 | D:2      | Reached XP level 4. HP: 39/39 MP: 3/3
  1722 | D:3      | Reached skill level 7 in Axes
  1722 | D:3      | Reached XP level 5. HP: 45/45 MP: 4/4
  1905 | D:3      | Found a blossoming altar of Fedhas.
  1905 | D:3      | Found a sacrificial altar of Ru.
  2263 | D:4      | Found Hiaboeho's General Store.
  2268 | D:4      | Bought a potion of curing for 36 gold pieces
  2268 | D:4      | Bought a scroll of fear for 48 gold pieces
  2346 | D:4      | Reached skill level 8 in Axes
  2450 | D:4      | Reached XP level 6. HP: 47/51 MP: 5/5
  2749 | D:5      | Entered Level 5 of the Dungeon
  2761 | D:5      | Noticed Duvessa
  2764 | D:5      | Noticed Dowan
  2911 | D:5      | Killed Duvessa
  2912 | D:5      | Reached skill level 9 in Axes
  3010 | D:5      | Killed Dowan
  3275 | D:5      | Reached XP level 7. HP: 57/57 MP: 6/6
  3405 | D:5      | Reached skill level 10 in Axes
  4148 | D:6      | Reached skill level 11 in Axes
  4220 | D:6      | Reached *** piety under Trog
  4275 | D:6      | Noticed Maggie
  4287 | D:6      | Killed Maggie
  4288 | D:6      | Reached skill level 12 in Axes
  4288 | D:6      | Reached XP level 8. HP: 63/64 MP: 7/7
  4376 | D:6      | Found a glowing golden altar of the Shining One.
  4416 | D:6      | Reached skill level 13 in Axes
  4889 | D:6      | Found a hide-covered altar of Uskayaw.
  4896 | D:6      | Found a bloodstained altar of Trog.
  4903 | D:6      | Found a basalt altar of Yredelemnul.
  5197 | D:6      | Noticed Sigmund
  5210 | D:6      | Killed Sigmund
  5480 | D:7      | Reached skill level 14 in Axes
  5686 | D:7      | Reached XP level 9. HP: 70/70 MP: 8/8
  5846 | D:7      | Identified the +0 buckler of Moral Flaws {rPois rC+ Str-3
                  | Dex+4}
  5873 | D:7      | Found a staircase to the Ecumenical Temple.
  6012 | D:7      | Reached skill level 15 in Axes
  6607 | D:7      | Reached skill level 16 in Axes
  6962 | D:8      | Reached skill level 5 in Fighting
  6994 | D:7      | Reached XP level 10. HP: 50/81 MP: 9/9
  7097 | D:8      | Noticed a two-headed ogre
  7107 | D:8      | Killed a two-headed ogre
  7108 | D:8      | Reached skill level 5 in Armour
  7160 | D:8      | Reached skill level 5 in Dodging
  7275 | D:8      | Reached **** piety under Trog
  7565 | D:8      | Identified the +4 ring mail of Wainiakk {Dex+3}
  7674 | D:8      | Reached XP level 11. HP: 106/106 MP: 10/10
  7675 | D:8      | Reached XP level 12. HP: 113/113 MP: 11/11
  7690 | D:9      | Noticed a two-headed ogre
  7698 | D:9      | Killed a two-headed ogre
  7831 | D:9      | Noticed Psyche
  7847 | D:9      | Killed Psyche
  8954 | D:10     | Entered Level 10 of the Dungeon
  9523 | D:10     | Noticed Lodul
  9532 | D:10     | Killed Lodul
  9737 | D:10     | Found a staircase to the Lair.
  9794 | D:10     | Noticed a two-headed ogre
  9838 | D:10     | Killed a two-headed ogre
  9923 | D:10     | Found a broken altar of Ashenzari.
 10204 | D:10     | Found a glowing silver altar of Zin.
 10204 | D:10     | Found an opulent altar of Gozag.
 10742 | D:11     | Found a staircase to the Orcish Mines.
 10907 | D:11     | Noticed a boulder beetle
 10922 | D:11     | Killed a boulder beetle
 10923 | D:11     | Reached XP level 13. HP: 124/124 MP: 12/12
 11182 | D:11     | Found Vuedd's Armour Boutique.
 12018 | D:12     | Found a hazy altar of Hepliaklqana.
 12027 | D:12     | Identified the +3 ring mail "Fodu" {rCorr Str+2}
 12151 | D:12     | Noticed Maurice
 12164 | D:12     | Killed Maurice
 12995 | D:12     | Reached skill level 15 in Fighting
 13187 | D:13     | Noticed Snorg
 13275 | Orc:1    | Entered Level 1 of the Orcish Mines
 13462 | Orc:2    | Entered Level 2 of the Orcish Mines
 13462 | Orc:2    | Found Wahoroco's Antique Weapon Shoppe.
 13643 | Orc:2    | HP: 4/126 [orc warrior/+0 trident (4)]
 13643 | Orc:2    | Slain by an orc wizard

Illustrated notes

Levels and vault maps discovered:
D:1:      minmay_arrival_hallway, layout_basic
D:2:      layout_rooms
D:3:      layout_loops_cross, gammafunk_temple_overflow_elements
D:4:      layout_cave_pools, serial_shops, nicolae_shop_just_a_little_nook
D:5:      layout_basic, uniq_duvessa
D:6:      nicolae_whirlpool, layout_basic,
          nicolae_overflow_macrodata_refinement, uniq_maggie, uniq_sigmund
D:7:      layout_rooms, minmay_temple_entry_tees
D:8:      layout_cave_pools, st_stairs_11
D:9:      layout_loops_corners, disabler_island, uniq_psyche
D:10:     layout_long_grid, grunt_temple_overflow_gold_and_silver,
          mainiacjoe_overflow_brackets, david_lair_shrubbed,
          minmay_misc_feat_diagonals, uniq_lodul
D:11:     layout_basic, orc_0_dummy, serial_shops, shop, marbit_kobold_abyssish
D:12:     statuecave_lemuel, layout_cave_pods, kennysheep_donut,
          nicolae_hepliaklqana_hazy_memory, uniq_maurice
D:13:     layout_basic, hangedman_vaults_entry_quadrant_bands, uniq_snorg
Orc:1:    layout_caves, lightli_volcano_entry_magma_tube,
          nicolae_shop_firing_range, uniq_erolcha
Orc:2:    grunt_orc_gardens, layout_caves, grunt_orc_garden, grunt_orc_garden,
          grunt_orc_garden, grunt_orc_garden, ebering_ghost_disaster_area,
          serial_shops, shop

Skill      XL: |  1  2  3  4  5  6  7  8  9 10 11 12 13 |
---------------+----------------------------------------+-----
Axes           | 4 5 6 7 8 9 12 14 16 | 16.4
Fighting       | 5 12 14 15 | 15.0
Armour         | 4 5 11 13 | 13.9
Dodging        | 3 5 7 8 |  8.9

Action                     |  1- 3 |  4- 6 |  7- 9 | 10-12 | 13-15 || total
---------------------------+-------+-------+-------+-------+-------++-------
  Melee: Hand axe          |    60 |    47 |       |       |       ||   107
         Headbutt          |     7 |    11 |    42 |    51 |    29 ||   140
         War axe           |       |    44 |   251 |   210 |   126 ||   631
         Punch             |       |       |     1 |     2 |       ||     3
         Broad axe         |       |       |       |       |    26 ||    26
  Throw: Javelin           |       |       |     2 |       |     6 ||     8
         Dart              |       |       |     7 |     5 |     4 ||    16
 Invoke: Berserk           |     1 |     5 |    10 |     7 |    11 ||    34
         Trog's Hand       |       |       |     3 |     2 |     3 ||     8
         Brothers in Arms  |       |       |       |       |     1 ||     1
  Evoke: Wand              |       |       |     6 |     1 |       ||     7
    Use: Scroll            |       |       |       |    13 |     4 ||    17
         Potion            |       |       |       |     2 |     3 ||     5
   Stab: Paralysed         |       |       |     2 |     3 |       ||     5
 Armour: Animal skin       |    28 |    58 |       |       |       ||    86
         Ring mail         |       |       |    31 |       |       ||    31
         Acid dragon scale |       |       |   155 |   145 |   137 ||   437
  Dodge: Dodged            |    39 |    48 |   132 |   110 |   117 ||   446
